 Dungeon Crawl Stone Soup version 0.31-a0-175-g9f7f995f2b (webtiles) character file.

Game seed: 1599165054493690247

457 qw the Shooter (level 7, -3/64 HPs)
             Began as a Naga Hunter on June 16, 2023.
             Slain by an ice beast (14 damage)
             ... on level 5 of the Dungeon.
             The game lasted 00:01:27 (3289 turns).

qw the Shooter (Naga Hunter)                        Turns: 3289, Time: 00:01:27

Health: -3/64      AC:  5    Str: 12      XL:     7   Next: 6%
Magic:  6/6        EV:  9    Int: 13      God:
Gold:   73         SH:  0    Dex: 15 (16) Spells: 6/6 levels left

rFire   . . .        Y - +0 shortbow
rCold   . . .        (shield currently unavailable)
rNeg    . . .        b - +1 leather armour {rPois}
rPois   +            (no helmet)
rElec   .            (no cloak)
rCorr   .            e - +0 pair of gloves
SInv    +            (no barding)
Will    .....        (no amulet)
Stlth   ++           (no ring)
HPRegen 0.30/turn    (no ring)
MPRegen 0.10/turn

%: no passive effects
@: very slow
A: AC +2, large, see invisible, deformed body, poison resistance, slowness 2,
spit poison 1, naga tail 1, clever 1, deterioration 1, low MP 1
a: Spit Poison


You were on level 5 of the Dungeon.
You visited 1 branch of the dungeon, and saw 5 of its levels.

You collected 113 gold pieces.
You spent 40 gold pieces at shops.


Innate Abilities, Weirdness & Mutations

Your serpentine skin is tough. (AC +2)
You have supernaturally acute eyesight. (SInv)
Armour fits poorly on your strangely shaped body.
Your system is resistant to poisons. (rPois)
You cover ground very slowly.
You can spit poison.
You have a snake-like lower body.
Your mind is acute. (Int +4, Str/Dex -1)
Your body sometimes deteriorates upon taking damage.
Your magical capacity is low. (-10% MP)


   Skills:
 - Level 4.0 Fighting
 + Level 6.7 Ranged Weapons
 - Level 1.5 Dodging
 - Level 1.5 Stealth


You had 6 spell levels left.
You didn't know any spells.
Your spell library was empty.

Inventory:

Hand Weapons
 Y - a +0 shortbow (weapon)
Armour
 b - a +1 leather armour of poison resistance (worn)
 e - a +0 pair of gloves (worn)
Scrolls
 a - 3 scrolls of identify
 h - a scroll of enchant weapon {unknown}
Potions
 c - a potion of haste
 d - a potion of attraction {unknown}
 f - 2 potions of mutation
 g - a potion of might

Dungeon Overview and Level Annotations

Branches:
Dungeon (5/15)
 Temple: D:4-7

Altars:
Cheibriados
Gozag
Kikubaaqudgha
Okawaru
Qazlal

Shops:
D:2 *


Message History

An ice beast comes into view.
You shoot an arrow.
The arrow hits the ice beast but does no damage.
You shoot an arrow.
The arrow hits the ice beast but does no damage.
You shoot an arrow.
The arrow hits the ice beast but does no damage.
You shoot an arrow. The arrow hits the ice beast!
The ice beast is moderately wounded.
You shoot an arrow. The arrow closely misses the ice beast.
The ice beast hits you but does no damage.
You shoot an arrow. The arrow hits the ice beast.
The ice beast is moderately wounded.
The ice beast hits you. The ice beast freezes you!
Your body deteriorates!
You feel clumsy.
You shoot an arrow. The arrow barely misses the ice beast.
The ice beast hits you. The ice beast freezes you!
You shoot an arrow. The arrow hits the ice beast.
The ice beast is heavily wounded.
The ice beast hits you. The ice beast freezes you!
You shoot an arrow.
The arrow hits the ice beast but does no damage.
The ice beast is heavily wounded.
The ice beast hits you but does no damage.
You shoot an arrow.
The arrow hits the ice beast but does no damage.
The ice beast is heavily wounded.
The ice beast hits you but does no damage.
You shoot an arrow. The arrow hits the ice beast!
The ice beast is severely wounded.
The ice beast hits you. The ice beast freezes you!
You shoot an arrow.
The arrow hits the ice beast but does no damage.
The ice beast is severely wounded.
The ice beast closely misses you.
You shoot an arrow.
The arrow hits the ice beast but does no damage.
The ice beast is severely wounded.
The ice beast hits you. The ice beast freezes you!
You die...

...#####....
#..........#
#.....<....#
#....>.....#
+..........#
#..........#
#....Y.....#
#@....# #.....+
#.....# #.....#
###########.....#
#.....).......###
#.............#
#.............#
#.............#


You could see an ice beast.

Vanquished Creatures
  A scorpion (D:5)
  A jelly (D:5)
  Natasha (thrice) (D:2)
  6 orc wizards
  A river rat (D:4)
  6 adders
  A worm (D:3)
  A dart slug (D:1)
  9 orcs
  4 ball pythons
  2 bat zombies (D:3)
  4 endoplasms
  3 giant cockroaches
  6 goblins
  6 hobgoblins
  4 jackals
  4 quokkas
  4 bats
  4 frilled lizards
  8 kobolds
  9 rats
  4 rat zombies (D:3)
91 creatures vanquished.

Notes
Turn   | Place    | Note
-------+----------+-------------------------------------------
     0 | D:1      | qw the Naga Hunter began the quest for the Orb.
     0 | D:1      | Reached XP level 1. HP: 19/19 MP: 1/1
     0 | D:1      | 0 ||| qw: Version: 0.2-a-29-g511e9b1
     0 | D:1      | 0 ||| qw: Game counter: 5759
     0 | D:1      | 0 ||| qw: Always use a shield: true
     0 | D:1      | 0 ||| qw: God list: Okawaru
     0 | D:1      | 0 ||| qw: Allow faded altars: false
     0 | D:1      | 0 ||| qw: Do Orc after D:15 true
     0 | D:1      | 0 ||| qw: Do second Lair branch before Depths: true
     0 | D:1      | 0 ||| qw: Lair rune preference: random
     0 | D:1      | 0 ||| qw: Plans: Normal
     0 | D:1      | 0 ||| PLANNING D:1-11
     9 | D:1      | 9 ||| INVOKING Spit Poison.
    15 | D:1      | 15 ||| INVOKING Spit Poison.
    30 | D:1      | 30 ||| INVOKING Spit Poison.
    52 | D:1      | 52 ||| INVOKING Spit Poison.
   108 | D:1      | 108 ||| INVOKING Spit Poison.
   148 | D:1      | 148 ||| INVOKING Spit Poison.
   149 | D:1      | Reached skill level 4 in Ranged Weapons
   149 | D:1      | Reached XP level 2. HP: 26/26 MP: 2/2
   242 | D:1      | 242 ||| INVOKING Spit Poison.
   283 | D:1      | 283 ||| INVOKING Spit Poison.
   284 | D:1      | 284 ||| INVOKING Spit Poison.
   289 | D:1      | 289 ||| INVOKING Spit Poison.
   292 | D:1      | 292 ||| INVOKING Spit Poison.
   296 | D:1      | 296 ||| INVOKING Spit Poison.
   302 | D:1      | 302 ||| INVOKING Spit Poison.
   347 | D:1      | 347 ||| INVOKING Spit Poison.
   351 | D:1      | Reached XP level 3. HP: 32/32 MP: 3/3
   415 | D:1      | 415 ||| INVOKING Spit Poison.
   433 | D:1      | 433 ||| READING scroll labelled WECLAA OSETUFYT.
   434 | D:1      | 434 ||| READING scroll labelled QEALAS VISS.
   437 | D:1      | 437 ||| DRINKING 2 inky potions.
   438 | D:1      | 438 ||| DROPPING scroll of butterflies.
   467 | D:2      | 467 ||| INVOKING Spit Poison.
   486 | D:2      | 486 ||| INVOKING Spit Poison.
   490 | D:2      | 490 ||| INVOKING Spit Poison.
   519 | D:2      | 519 ||| INVOKING Spit Poison.
   523 | D:2      | 523 ||| INVOKING Spit Poison.
   529 | D:2      | 529 ||| INVOKING Spit Poison.
   532 | D:2      | 532 ||| INVOKING Spit Poison.
   633 | D:2      | 633 ||| INVOKING Spit Poison.
   637 | D:2      | 637 ||| INVOKING Spit Poison.
   639 | D:2      | Reached skill level 5 in Ranged Weapons
   658 | D:2      | Found Oqomathrof's Assorted Antiques.
   666 | D:2      | 666 ||| SHOPLISTING 2 potions of heal wounds (230 gold,
                  | have 59).
   666 | D:2      | 666 ||| BUYING sedimented orange potion (20 gold).
   666 | D:2      | Bought a sedimented orange potion for 20 gold pieces
   666 | D:2      | 666 ||| BUYING sedimented orange potion (20 gold).
   666 | D:2      | Bought a sedimented orange potion for 20 gold pieces
   678 | D:2      | 678 ||| INVOKING Spit Poison.
   679 | D:2      | Reached XP level 4. HP: 39/39 MP: 4/4
   786 | D:2      | 786 ||| INVOKING Spit Poison.
   936 | D:2      | 936 ||| INVOKING Spit Poison.
   940 | D:2      | 940 ||| INVOKING Spit Poison.
   970 | D:2      | Noticed Natasha
   971 | D:2      | 971 ||| INVOKING Spit Poison.
   976 | D:2      | 976 ||| INVOKING Spit Poison.
   976 | D:2      | Killed Natasha
  1040 | D:2      | Noticed Natasha
  1041 | D:2      | 1041 ||| INVOKING Spit Poison.
  1045 | D:2      | Killed Natasha
  1046 | D:2      | Reached skill level 3 in Fighting
  1046 | D:2      | Reached XP level 5. HP: 41/49 MP: 5/5
  1108 | D:2      | Noticed Natasha
  1110 | D:2      | 1110 ||| INVOKING Spit Poison.
  1113 | D:2      | Killed Natasha
  1151 | D:2      | 1151 ||| UPGRADING to +1 leather armour of poison
                  | resistance.
  1161 | D:2      | 1161 ||| DROPPING +0 leather armour.
  1162 | D:2      | 1162 ||| READING scroll labelled ANOOMO LICEYD.
  1163 | D:2      | 1163 ||| DRINKING 2 coppery potions.
  1164 | D:2      | 1164 ||| DRINKING 3 sedimented orange potions.
  1164 | D:2      | Gained mutation: Your mind is acute. (Int +4, Str/Dex -1)
                  | [potion of mutation]
  1164 | D:2      | Gained mutation: You have hidden genetic defects. [potion
                  | of mutation]
  1165 | D:2      | 1165 ||| DRINKING 2 black potions.
  1166 | D:2      | 1166 ||| DROPPING potion of brilliance.
  1182 | D:3      | 1182 ||| INVOKING Spit Poison.
  1202 | D:3      | 1202 ||| INVOKING Spit Poison.
  1244 | D:3      | Found a snail-covered altar of Cheibriados.
  1250 | D:3      | 1250 ||| INVOKING Spit Poison.
  1266 | D:3      | 1266 ||| INVOKING Spit Poison.
  1269 | D:3      | 1269 ||| INVOKING Spit Poison.
  1295 | D:3      | 1295 ||| INVOKING Spit Poison.
  1311 | D:3      | 1311 ||| Stepping ~*~*~tactically~*~*~ (outnumbered).
  1312 | D:3      | 1312 ||| Stepping ~*~*~tactically~*~*~ (outnumbered).
  1314 | D:3      | 1314 ||| INVOKING Spit Poison.
  1317 | D:3      | 1317 ||| INVOKING Spit Poison.
  1323 | D:3      | 1323 ||| INVOKING Spit Poison.
  1324 | D:3      | 1324 ||| DRINKING potion of curing.
  1324 | D:3      | 1324 ||| (to cure confusion)
  1330 | D:3      | 1330 ||| INVOKING Spit Poison.
  1333 | D:3      | 1333 ||| INVOKING Spit Poison.
  1336 | D:3      | Gained mutation: Your body sometimes deteriorates upon
                  | taking damage. [hidden defects]
  1338 | D:3      | 1338 ||| INVOKING Spit Poison.
  1481 | D:3      | Reached XP level 6. HP: 56/56 MP: 6/6
  1502 | D:3      | Found an ancient bone altar of Kikubaaqudgha.
  1590 | D:3      | Found a stormy altar of Qazlal.
  1594 | D:3      | 1594 ||| INVOKING Spit Poison.
  1599 | D:3      | 1599 ||| INVOKING Spit Poison.
  1632 | D:3      | Found an opulent altar of Gozag.
  1711 | D:3      | 1711 ||| INVOKING Spit Poison.
  1714 | D:3      | 1714 ||| INVOKING Spit Poison.
  1868 | D:3      | 1868 ||| INVOKING Spit Poison.
  2020 | D:3      | 2020 ||| INVOKING Spit Poison.
  2115 | D:3      | 2115 ||| INVOKING Spit Poison.
  2250 | D:3      | 2250 ||| UPGRADING to +0 pair of gloves.
  2255 | D:3      | 2255 ||| READING scroll labelled XIHIGEU YGATU.
  2256 | D:3      | 2256 ||| READING scroll labelled ILOKIA KAOTZE.
  2271 | D:4      | 2271 ||| PLANNING SEWER
  2283 | D:4      | 2283 ||| INVOKING Spit Poison.
  2288 | D:4      | Reached skill level 6 in Ranged Weapons
  2288 | D:4      | 2288 ||| INVOKING Spit Poison.
  2334 | D:4      | 2334 ||| INVOKING Spit Poison.
  2337 | D:4      | Gained mutation: Your magical capacity is low. (-10% MP)
                  | [hidden defects]
  2337 | D:4      | Lost mutation: You have hidden genetic defects. [hidden
                  | defects expressed]
  2341 | D:4      | 2341 ||| INVOKING Spit Poison.
  2393 | D:4      | 2393 ||| INVOKING Spit Poison.
  2439 | D:4      | Found an iron altar of Okawaru.
  2477 | D:4      | 2477 ||| INVOKING Spit Poison.
  2483 | D:4      | 2483 ||| INVOKING Spit Poison.
  2489 | D:4      | 2489 ||| INVOKING Spit Poison.
  2492 | D:4      | 2492 ||| INVOKING Spit Poison.
  2495 | D:4      | 2495 ||| INVOKING Spit Poison.
  2498 | D:4      | 2498 ||| INVOKING Spit Poison.
  2503 | D:4      | HP: 12/57 [orc wizard/puff of flame (11)]
  2504 | D:4      | 2504 ||| DRINKING potion of heal wounds.
  2509 | D:4      | 2509 ||| INVOKING Spit Poison.
  2515 | D:4      | 2515 ||| INVOKING Spit Poison.
  2710 | D:4      | 2710 ||| INVOKING Spit Poison.
  2714 | D:4      | 2714 ||| INVOKING Spit Poison.
  2720 | D:4      | 2720 ||| INVOKING Spit Poison.
  2726 | D:4      | 2726 ||| INVOKING Spit Poison.
  2758 | D:4      | Found a glowing drain.
  2759 | D:4      | 2759 ||| INVOKING Spit Poison.
  2763 | D:4      | 2763 ||| INVOKING Spit Poison.
  2767 | D:4      | 2767 ||| INVOKING Spit Poison.
  2852 | D:4      | 2852 ||| READING scroll labelled QARUXK YWACLY.
  2953 | D:4      | 2953 ||| DRINKING 2 ruby potions.
  2954 | D:4      | 2954 ||| READING 4 scrolls of identify.
  2954 | D:4      | 2954 ||| IDENTIFYING puce potion
  3010 | D:5      | Entered Level 5 of the Dungeon
  3044 | D:5      | 3044 ||| INVOKING Spit Poison.
  3048 | D:5      | 3048 ||| INVOKING Spit Poison.
  3051 | D:5      | 3051 ||| INVOKING Spit Poison.
  3054 | D:5      | 3054 ||| INVOKING Spit Poison.
  3059 | D:5      | HP: 14/57 [poisoned by a scorpion]
  3264 | D:5      | Reached XP level 7. HP: 64/64 MP: 6/6
  3274 | D:5      | 3274 ||| RIP SEWER
  3274 | D:5      | 3274 ||| PLANNING OKAWARU WORSHIP
  3287 | D:5      | HP: 12/64 [ice beast (10)]
  3289 | D:5      | Slain by an ice beast

Levels and vault maps discovered:
D:1:      minmay_arrival_semitransparent, layout_rooms
D:2:      layout_rooms, serial_shops, shop, kennysheep_path_1, uniq_natasha
D:3:      layout_basic, nicolae_qazlal_scattered_showers,
          mainiacjoe_overflow_brackets, nicolae_gozag_seed_capital,
          lemuel_zombie_altar_kikubaaqudgha, st_stairs_7
D:4:      layout_basic, mainiacjoe_overflow_boulevard, ebering_ghost_sewer_d,
          portal_sewer_entry_e, uniq_duvessa
D:5:      layout_gridville, temple_green, kennysheep_nondescript

Skill      XL: |  1  2  3  4  5  6 |
---------------+-------------------+-----
Ranged Weapons | 4 5 6 |  6.7
Fighting       | 3 4 |  4.0
Dodging        | |  1.5
Stealth        | |  1.5

Action                     |  1- 3 |  4- 6 |  7- 9 || total
---------------------------+-------+-------+-------++-------
   Fire: Shortbow          |    64 |   143 |    13 ||   220
Ability: Spit Poison       |    24 |    50 |       ||    74
    Use: Scroll            |     2 |     5 |       ||     7
         Potion            |     1 |     6 |       ||     7
 Armour: Leather armour    |     7 |    36 |     3 ||    46
  Dodge: Dodged            |    13 |    48 |     1 ||    62

Table legend:
 A = Non-vault XP
 B = Vault XP
 C = Vault XP percentage of total XP
 D = Non-vault monster count
 E = Vault monster count
 F = Vault count percentage of total count
                 A         B        C        D         E       F
            +---------+---------+-------+---------+---------+-------
      Total |     576 |      77 |  11.8 |      75 |      16 |  17.6
            +---------+---------+-------+---------+---------+-------
        D:1 |      38 |       0 |   0.0 |      20 |       0 |   0.0
        D:2 |     133 |      35 |  20.8 |      18 |       1 |   5.3
        D:3 |     126 |       9 |   6.7 |      22 |       7 |  24.1
        D:4 |     159 |      33 |  17.2 |      13 |       8 |  38.1
        D:5 |     120 |       0 |   0.0 |       2 |       0 |   0.0
            +---------+---------+-------+---------+---------+-------
